 Dungeon Sprint DCSS version 0.27.1-33-g824d729ab1 (webtiles) character file.

Game seed: 1413935266408512647

616 Hipnos the Martial Artist (level 7, -12/61 HPs)
             Began as a Merfolk Transmuter on Nov 27, 2021.
             Was an Initiate of Ru.
             Mangled by Sonja (25 damage)
             ... in the Dungeon (Sprint I: "Red Sonja").
             The game lasted 00:06:39 (753 turns).

Hipnos the Martial Artist (Merfolk Transmuter)       Turns: 753, Time: 00:06:41

Health: -12/61     AC:  7    Str: 12    XL:     7   Next: 45%
Magic:  12/16      EV: 12    Int: 13    God:    Ru [......]
Gold:   297        SH:  0    Dex: 14    Spells: 9/19 levels left

rFire    x . .     SeeInvis .     - Unarmed
rCold    + + +     Faith    .   (shield currently unavailable)
rNeg     . . .     Spirit   .   (armour currently unavailable)
rPois    +         Reflect  .   (helmet currently unavailable)
rElec    .         Harm     .   (cloak currently unavailable)
rCorr    .         Rampage  .   (gloves currently unavailable)
Will     .....     NoTele   +   (boots currently unavailable)
Stlth    +.........             (no amulet)
HPRegen  0.20/turn              (no ring)
MPRegen  0.15/turn              (no ring)

@: ice-form, slowed, very slow
A: freezing attack, boosted hp, large, (nimble swimmer 2), (mertail)
a: End Transformation, Renounce Religion


You were in the Dungeon.
You worshipped Ru.
Ru was noncommittal.
You were a creature of crystalline ice.
You visited 1 branch You collected 297 gold pieces.

Inventory:

Armour
 a - a +0 robe
 h - a +1 chain mail of cold resistance
 j - a +1 robe of willpower (melded)
Wands
 f - a wand of polymorph (3)
Scrolls
 g - a scroll of blinking
 k - a scroll of identify {unknown}
 l - a scroll of immolation {unknown}
Potions
 b - a potion of curing
 d - a potion of haste
 e - 2 potions of magic
 i - a potion of lignification {unknown}


   Skills:
 + Level 2.9 Fighting
 + Level 7.1 Dodging
 + Level 11.1 Unarmed Combat
 + Level 6.5 Spellcasting
 * Level 10.3 Transmutations
 + Level 1.3 Ice Magic
 + Level 3.0 Poison Magic


You had 9 spell levels left.
You knew the following spells:

 Your Spells              Type           Power      Damage    Failure   Level
a - Beastly Appendage     Tmut           62%        N/A       1%          1
b - Spider Form           Tmut/Pois      10%        N/A       3%          3
c - Wereblood             Tmut           31%        N/A       1%          2
d - Ice Form              Ice/Tmut       19%        N/A       14%         4

Your spell library contained the following spells:

 Spells                   Type           Power      Damage    Failure   Level
 Sting                    Tmut/Pois      84%        1d7       1%          1
 Poisonous Vapours        Pois/Air       16%        N/A       13%         2
 Olgreb's Toxic Radiance  Pois           12%        N/A       41%         4


Dungeon Overview and Level Annotations

Branches:
Dungeon (1/1)

Altars:
Cheibriados
Dithmenos
Elyvilon
Fedhas
Gozag
Hepliaklqana
Kikubaaqudgha
Makhleb
Nemelex Xobeh
Okawaru
Qazlal
Ru
Sif Muna
Trog
Uskayaw
Vehumet
Wu Jian
Xom
Yredelemnul
Zin
The Shining One
Jiyva
Lugonu

Shops:
D !

Annotations:
D Sonja


Innate Abilities, Weirdness & Mutations

You are a creature of crystalline ice.
You have a powerful freezing melee attack.
Your maximum health is increased.
Your armour is entirely melded.
You are incapable of wielding weapons or throwing items.
((You are quick and stealthy near water. (Stealth+, EV+, Speed+++)))
((Your lower body shifts to a powerful aquatic tail in water.))


Message History

Magic restored.
You start resting.
HP restored.
There is an open door here.
Casting: Ice Form (quite dangerous; 14% risk of failure)
Confirm with . or Enter, or press ? or * to list all spells.
Okay, then.
Casting: Ice Form (quite dangerous; 14% risk of failure)
Confirm with . or Enter, or press ? or * to list all spells.
The spell is quite dangerous to cast (14% risk of failure)!
Continue anyway?
Okay, then.
Casting: Ice Form (quite dangerous; 14% risk of failure)
Confirm with . or Enter, or press ? or * to list all spells.
The spell is quite dangerous to cast (14% risk of failure)!
Continue anyway?
Uppercase [Y]es or [N]o only, please.
The spell is quite dangerous to cast (14% risk of failure)!
Continue anyway?
You turn into a creature of crystalline ice.
Your +1 robe of willpower melds into your body.
You feel less strong-willed.
You open the door.
Sonja, the Graceful Assassin comes into view.
She is wielding a +0 dagger of distortion, quivering curare-tipped darts and carrying a wand of acid (8).
Sonja throws a curare-tipped dart.
The curare-tipped dart hits you.
You have difficulty breathing.
You feel yourself slow down.
Found 108 gold pieces.
Sonja hits you with a +0 dagger of distortion.
Space warps horribly around you!!
Sonja hits you with a +0 dagger of distortion.
Space warps horribly around you!
* * * LOW HITPOINT WARNING * * *
Sonja hits you but does no damage. Space bends around you.
* * * LOW HITPOINT WARNING * * *
There is an open door here.
You feel much better.
Sonja hits you with a +0 dagger of distortion.
Space bends around you. Sonja barely misses you.
Sonja hits you but does no damage. Space bends around you.
Sonja hits you with a +0 dagger of distortion!
* * * LOW HITPOINT WARNING * * *
Space warps horribly around you!!
You die...

#<.#.)'..#.)'..#__#
#..'..#..'..#..'..+
#.)#####'#####'#__#
#..####..#...#.####
#..#__####..##.#
#..#_____##'#_.+
#⌠⌠#_.∩...÷..._#
####_..__##_.#'#
#_____###Y#.#
####### #K### $.$
#$.$# ##.## #+#


You could see Sonja.

Vanquished Creatures
  A slime creature (D)
  Sigmund (D)
  A yak (D)
  An ogre (D)
  A jelly (D)
  Ijyb (D)
6 creatures vanquished.

Notes
Turn   | Place    | Note
-------+----------+-------------------------------------------
     0 | D        | Hipnos the Merfolk Transmuter began the quest for the Orb.
     0 | D        | Reached XP level 1. HP: 15/15 MP: 3/3
     2 | D        | Noticed Ijyb
    18 | D        | Killed Ijyb
    19 | D        | Reached skill level 5 in Unarmed Combat
    19 | D        | Reached XP level 2. HP: 21/21 MP: 4/6
    19 | D        | Reached XP level 3. HP: 26/26 MP: 4/7
    66 | D        | Learned a level 3 spell: Spider Form
    69 | D        | Learned a level 2 spell: Wereblood
    84 | D        | Noticed an ogre
    95 | D        | Killed an ogre
    96 | D        | Reached skill level 5 in Dodging
    96 | D        | Reached skill level 7 in Unarmed Combat
    96 | D        | Reached skill level 5 in Transmutations
    96 | D        | Reached XP level 4. HP: 11/32 MP: 2/10
   321 | D        | Noticed Sigmund
   331 | D        | Killed Sigmund
   332 | D        | Reached skill level 9 in Unarmed Combat
   332 | D        | Reached skill level 5 in Spellcasting
   332 | D        | Reached XP level 5. HP: 31/38 MP: 4/12
   332 | D        | Reached XP level 6. HP: 36/44 MP: 4/13
   416 | D        | Learned a level 4 spell: Ice Form
   417 | D        | Found an ornate altar of the Wu Jian Council.
   417 | D        | Found a shimmering blue altar of Sif Muna.
   419 | D        | Found a radiant altar of Vehumet.
   427 | D        | Found Nuywysuss's Distillery.
   427 | D        | Found an ancient bone altar of Kikubaaqudgha.
   427 | D        | Found a hazy altar of Hepliaklqana.
   427 | D        | Found a stormy altar of Qazlal.
   427 | D        | Found a hide-covered altar of Uskayaw.
   427 | D        | Found a blossoming altar of Fedhas.
   427 | D        | Found a bloodstained altar of Trog.
   427 | D        | Found an iron altar of Okawaru.
   427 | D        | Found a basalt altar of Yredelemnul.
   427 | D        | Found a glowing golden altar of the Shining One.
   427 | D        | Found a snail-covered altar of Cheibriados.
   427 | D        | Found a sacrificial altar of Ru.
   427 | D        | Found a glowing silver altar of Zin.
   427 | D        | Found a shadowy altar of Dithmenos.
   427 | D        | Found a white marble altar of Elyvilon.
   427 | D        | Noticed a yak
   433 | D        | Killed a yak
   434 | D        | Reached skill level 10 in Unarmed Combat
   434 | D        | Found an opulent altar of Gozag.
   435 | D        | Found a sparkling altar of Nemelex Xobeh.
   440 | D        | Became a worshipper of Ru the Awakened
   574 | D        | Found a burning altar of Makhleb.
   574 | D        | Found a viscous altar of Jiyva.
   574 | D        | Found a shimmering altar of Xom.
   574 | D        | Found a corrupted altar of Lugonu.
   574 | D        | Noticed a slime creature
   582 | D        | Killed a slime creature
   583 | D        | Reached skill level 11 in Unarmed Combat
   583 | D        | Reached skill level 10 in Transmutations
   583 | D        | Reached skill level 1 in Ice Magic
   583 | D        | Reached XP level 7. HP: 28/51 MP: 9/16
   751 | D        | Noticed Sonja
   752 | D        | HP: 3/61 [Sonja (4)]
   753 | D        | Mangled by Sonja

Illustrated notes

Levels and vault maps discovered:
D:        dungeon_sprint_1 [red_sonja_temple_1, red_sonja_temple_small_1]

Skill      XL: |  1  2  3  4  5  6 |
---------------+-------------------+-----
Dodging        | 3 5 6 7 |  7.1
Unarmed Combat | 5 7 9 11 | 11.1
Spellcasting   | 3 4 5 6 |  6.5
Transmutations | 3 5 8 10 | 10.3
Fighting       | 2 |  2.9
Poison Magic   | 2 3 |  3.0
Ice Magic      | 1 |  1.3

Action                   |  1- 3 |  4- 6 |  7- 9 || total
-------------------------+-------+-------+-------++-------
Melee: Unarmed           |    17 |    24 |       ||    41
       Headbutt          |     2 |       |       ||     2
 Cast: Beastly Appendage |     1 |     1 |       ||     2
       Spider Form       |     1 |     1 |       ||     2
       Ice Form          |       |     2 |     1 ||     3
       Wereblood         |       |     2 |       ||     2
  Use: Potion            |     1 |       |     1 ||     2
 Stab: Sleeping          |     1 |       |       ||     1
Armor: Skin              |       |     2 |     2 ||     4
Dodge: Dodged            |     8 |     8 |     1 ||    17
